Map: Battle on the Boardwalk LE

Players

Honor - Winner!

  • Race: Zerg Zerg
  • League: Master
  • Spawn Location: 11:00

A.I. 1 (Easy)

  • Race: Protoss Protoss
  • Spawn Location: 1:00

VOD

Have the link to the VOD?

Description

Time

  • Played on: Nov. 29, 2017, 6:54 a.m.
  • Length: 4:50
Show
View Real Time Build Order
Export as new Build Order

Honor Zerg - Winner!

Build Orders: Pool First 

Get SALT Encoding   

  12  0:01  Drone  
  13  0:13  Overlord  
  13  0:17  Drone  
  14  0:31  Drone x2  
  14  0:35  Drone  
  17  0:46  Spawning Pool  
  16  0:50  Drone  
  17  1:12  Hatchery  
  17  1:15  Drone  
  17  1:19  Extractor  
  16  1:33  Queen  
  16  1:35  Zergling x2  
  16  1:36  Zergling x2  
  16  1:39  Zergling x2  
  21  1:49  Overlord  
  21  1:59  Zergling x2  
  22  2:08  Queen  
  22  2:14  Zergling x2  
  25  2:22  Metabolic Boost  
  25  2:25  Zergling x2  
  25  2:26  Zergling x2  
  27  2:31  Zergling x2  
  28  2:38  Zergling x2  
  28  2:43  Zergling x4  
  31  2:45  Zergling x2  
  31  2:49  Overlord  
  32  2:57  Zergling x4  
  34  2:59  Zergling x2  
  35  3:08  Zergling x2  
  35  3:11  Overlord  
  36  3:18  Zergling x4  
  36  3:19  Zergling x2  
  39  3:21  Zergling x2  
  39  3:25  Zergling x2  
  41  3:28  Zergling x2  
  42  3:35  Zergling x4  
  44  3:48  Zergling x2  
  44  3:49  Zergling x4  
  44  3:52  Overlord  
  46  3:58  Zergling x4  
  46  4:02  Zergling x2  
  47  4:03  Zergling x2  
  47  4:07  Zergling x2  
  49  4:10  Zergling x2  
  50  4:17  Zergling x4  
  50  4:23  Zergling x4  
  53  4:26  Zergling x2  
Show
View Real Time Build Order
Export as new Build Order

A.I. 1 (Easy) Protoss 

Build Orders: 1 Gate Expand 

Get SALT Encoding   

  12  0:00  Probe  
  13  0:13  Probe  
  14  0:19  Pylon  
  14  0:25  Probe  
  15  0:37  Probe  
  15  0:39  Gateway  
  16  1:08  Nexus  
  16  1:23  Pylon  
  16  1:26  Assimilator  
  16  1:27  Zealot  
  18  1:38  Cybernetics Core  
  18  1:39  Probe  
  19  1:51  Probe  
  20  1:57  Assimilator  
  20  2:03  Probe  
  20  2:07  Zealot  
  23  2:18  Probe, Pylon  
  24  2:26  Warp Gate  
  24  2:29  Probe  
  25  2:33  Probe  
  25  2:34  Stalker  
  28  2:54  Probe  
  29  2:58  Probe  
  29  3:04  Stalker  
  32  3:06  Probe  
  32  3:10  Probe  
  34  3:18  Probe  
  35  3:23  Probe  
  36  3:30  Probe  
  37  3:34  Stalker  
  37  3:35  Probe  
  40  3:42  Probe  
  40  3:50  Probe, Pylon  
  40  3:55  Probe  
  42  3:56  Robotics Facility  
  36  4:05  Sentry  
  24  4:16  Probe  
  19  4:28  Probe  
Tags
 
Add a new tag
Caveats
  • Supply blocks, unpowered buildings, or Contaminate may cause inaccurate times.
  • Supply counts are checked every 10 seconds.